 Dungeon Crawl Stone Soup version 0.31.0-10-gcf4a605ca0 (webtiles) character file.

Game seed: 14006764929317449362

16 Gadfly the Ruffian (level 2, -4/21 HPs)
             Began as a Demonspawn Shapeshifter on Jan 26, 2024.
             Killed by divine providence
             ... invoked by an orc priest
              (10 damage)
             ... on level 2 of the Dungeon.
             The game lasted 00:01:05 (501 turns).

Gadfly the Ruffian (Demonspawn Shapeshifter)         Turns: 501, Time: 00:01:06

Health: -4/21      AC:  2    Str: 14    XL:     2   Next: 41%
Magic:  2/2        EV: 12    Int: 10    God:
Gold:   54         SH:  0    Dex: 12    Spells: 1/1 levels left

rFire   . .          .
                       - Unarmed
rCold   . . .        (no shield)
rNeg    . . .        a - +0 animal skin
rPois   .            (helmet currently unavailable)
rElec   .            (cloak currently unavailable)
rCorr   .            (gloves currently unavailable)
SInv    .            (boots currently unavailable)
Will    .....        (no amulet)
Stlth   +            e - +4 ring of slaying
HPRegen 0.23/turn    (no ring)
MPRegen 0.08/turn

%: no passive effects
@: beast-form
A: beast (slay +1), claws 1
a: Begin Untransformation


You were on level 2 of the Dungeon.
You were a hulking beast.
You visited 1 branch of the dungeon, and saw 2 of its levels.

You collected 54 gold pieces.

Inventory:

Armour
 a - a +0 animal skin (worn)
Jewellery
 e - a +4 ring of slaying (left claw)
Talismans
 c - a beast talisman
 d - a flux talisman
Potions
 b - a potion of lignification
 g - a potion of enlightenment
 h - a potion of might


   Skills:
 + Level 1.1 Fighting
 * Level 2.1 Dodging
 * Level 2.9 Unarmed Combat
 * Level 0.7 Evocations
 * Level 2.8 Shapeshifting


You had one spell level left.
You didn't know any spells.
Your spell library contained the following spells:

 Spells                   Type           Power      Damage    Failure   Level
 Kiss of Death            Conj/Necr      0%         2d5       36%         1
 Confusing Touch          Hex            0%         N/A       75%         3
 Dispel Undead            Necr           0%         3d6       98%         4


Dungeon Overview and Level Annotations

Branches:
Dungeon (2/15)

Altars:


Innate Abilities, Weirdness & Mutations

You are a hulking beast.
Your limbs bulge with bestial killing power. (Slay +1)
You have sharp fingernails.


Message History

Can't find anything matching that.
Unknown command.
Done exploring.
There is a stone staircase leading down here.
You climb downwards.
Found 14 gold pieces and a long glowing staff.
Found a stone staircase leading up.
There is a stone staircase leading up here.
Found 9 stones.
You now have 54 gold pieces (gained 14).
A kobold comes into view. It is wielding a +0 whip.
A kobold is nearby!
The kobold shouts!
You hear a shout! x2
An orc priest comes into view.
It is wielding a +2 dagger of holy wrath.
You scratch the kobold.
You kill the kobold!
The orc priest calls down the wrath of Beogh upon you.
Beogh smites you!
An orc comes into view. It is wielding a +0 dagger.
The orc shouts!
You hear a shout!
An orc comes into view. It is wielding a +0 whip.
An orc and a kobold come into view.
The orc shouts!
The kobold shouts!
The orc priest hits you with a +2 dagger of holy wrath.
You convulse.
You are too injured to fight recklessly!
You are too injured to fight recklessly!
You are too injured to fight recklessly!
You are too injured to fight recklessly!
You are too injured to fight recklessly!
You are too injured to fight recklessly!
There are monsters nearby!
Unknown command.
The orc attacks as it pursues you! The orc hits you with a +0 dagger.
* * * LOW HITPOINT WARNING * * *
There is a stone staircase leading up here.
The orc priest invokes the aid of Beogh against you.
Beogh smites you!
You die...

##### #...# ###
#####..|###...
#.......#.....
#.........#
#...ooh#.#
#..oo#..)###
#....#.....#
##.###.....## ...
#<.....# ..#
#......# ###
#......#
.................
#####......######


You could see an orc priest and 3 orcs.

Vanquished Creatures
  2 bats (D:1)
  2 endoplasms (D:1)
  A giant cockroach (D:1)
  A quokka (D:1)
  5 ball pythons (D:1)
  A kobold (D:2)
  4 rats (D:1)
16 creatures vanquished.

Notes
Turn   | Place    | Note
-------+----------+-------------------------------------------
     0 | D:1      | Gadfly the Demonspawn Shapeshifter began the quest for the
                  | Orb.
     0 | D:1      | Reached XP level 1. HP: 15/15 MP: 1/1
   152 | D:1      | Gained mutation: You have sharp fingernails. [demonic
                  | ancestry]
   152 | D:1      | Reached XP level 2. HP: 21/21 MP: 2/2
   501 | D:2      | Killed from afar by an orc priest

Illustrated notes

Levels and vault maps discovered:
D:1:      erik_arrival_blinker_ship, layout_rooms
D:2:      layout_rooms, minivault_24

Skill      XL: |  1  2 |
---------------+-------+-----
Dodging        | 2 |  2.1
Fighting       | |  1.1
Unarmed Combat | |  2.9
Evocations     | |  0.7
Shapeshifting  | |  2.8

Action                     || total
---------------------------++-------
  Melee: Unarmed           ||    31
    Use: Scroll            ||     2
 Armour: Animal skin       ||    13
  Dodge: Dodged            ||    17
